 Dungeon Crawl Stone Soup version 0.32-a0-141-g04fe69798e (webtiles) character file.

Game seed: 7193783375509236065

1930 Colgate the Fighter (level 9, 0/85 HPs)
             Began as a Hill Orc Gladiator on Feb 10, 2024.
             Was a Follower of Okawaru.
             Slain by a skeletal warrior
             ... wielding a +3 trident
              (27 damage)
             ... on level 7 of the Dungeon on Feb 11, 2024.
             The game lasted 00:37:14 (7496 turns).

Colgate the Fighter (Hill Orc Gladiator)            Turns: 7496, Time: 00:37:14

Health: 0/85       AC: 12    Str: 26    XL:     9   Next: 17%
Magic:  8/9        EV: 15    Int:  8    God:    Okawaru [*.....]
Gold:   451        SH:  0    Dex: 18    Spells: 8/8 levels left

rFire   . . .        a - +2 mace (holy)
rCold   . . .        (no shield)
rNeg    . . .        M - +2 ring mail {rPois}
rPois   +            k - +0 helmet of the Game of Kings {Str+5}
rElec   .            K - +0 cloak
rCorr   .            (no gloves)
SInv    .            (no boots)
Will    .....        (no amulet)
Stlth   ++           L - +6 ring of dexterity
HPRegen 0.34/turn    h - ring of flight
MPRegen 0.11/turn

%: no passive effects
@: heroic, flying
A: no striking features
a: Renounce Religion, Heroism


You were on level 7 of the Dungeon.
You worshipped Okawaru.
Okawaru was aware of your devotion.
You visited 2 branches of the dungeon, and saw 8 of its levels.
You also visited: Sewer.

You collected 451 gold pieces.

Inventory:

Hand Weapons
 a - a +2 mace of holy wrath (weapon)
 b - a +3 flail
 N - a +0 halberd
Missiles
 d - 3 throwing nets {!f}
 e - a javelin
 j - 10 poisoned darts (quivered)
 y - a curare-tipped dart
 J - 3 boomerangs
Armour
 c - a +0 helmet
 k - the +0 helmet of the Game of Kings (worn) {Str+5}
   (You found it on level 7 of the Dungeon)

   Str+5:     It affects your strength (+5).
 w - a +0 scale mail
 K - a +0 cloak (worn)
 M - a +2 ring mail of poison resistance (worn)
Jewellery
 h - a ring of flight (right hand)
 p - a +6 ring of intelligence
 x - a ring of willpower
 L - a +6 ring of dexterity (left hand)
Wands
 u - a wand of iceblast (13) {@v2}
 H - a wand of light (1) {@v1}
Scrolls
 f - a scroll of immolation {unknown}
 g - 2 scrolls of teleportation {@r3}
 i - a scroll of noise {unknown}
 m - a scroll of poison
 o - a scroll of revelation {unknown}
 s - a scroll of enchant weapon {unknown}
 v - a scroll of fear {unknown}
 B - a scroll of butterflies {unknown}
 D - a scroll of torment {unknown}
Potions
 l - a potion of attraction {unknown}
 q - a potion of brilliance {unknown}
 r - 2 potions of heal wounds {@q2}
 t - 3 potions of haste {@q4}
 z - 3 potions of curing {@q1}
 A - a potion of cancellation
 F - a potion of mutation {unknown}
 I - a potion of enlightenment {unknown}
 O - a potion of degeneration {unknown}


   Skills:
 + Level 9.7(14.7) Fighting
 - Level 3.2(8.2) Maces & Flails
 - Level 4.0(9.0) Throwing
 - Level 7.1(12.1) Armour
 - Level 2.4(7.4) Dodging
 - Level 1.1 Invocations
 - Level 3.3 Evocations


You had 8 spell levels left.
You didn't know any spells.
Your spell library contained the following spells:

 Spells                   Type           Power      Damage    Failure   Level
 Summon Small Mammal      Summ           Unusable   N/A       N/A         1
 Call Canine Familiar     Summ           Unusable   N/A       N/A         3
 Summon Blazeheart Golem  Fire/Summ      Unusable   N/A       N/A         4

Dungeon Overview and Level Annotations

Branches:
Dungeon (7/15)             Temple (1/1) D:5           Sewer (visited)

Altars:
Ashenzari
Cheibriados
Dithmenos
Elyvilon
Fedhas
Gozag
Hepliaklqana
Kikubaaqudgha
Makhleb
Nemelex Xobeh
Okawaru
Qazlal
Ru
Sif Muna
Trog
Uskayaw
Vehumet
Wu Jian
Xom
Yredelemnul
Zin
The Shining One


Message History

You gain the combat prowess of a mighty hero.
The skeletal warrior barely misses you.
Your +2 mace of holy wrath softly glows with a divine radiance!
a - a +2 mace of holy wrath (weapon)
Aiming: Bolt of Light
Press: ? - help, Shift-Dir - straight line, f - skeletal warrior
Aim: a skeletal warrior, wielding a +3 trident (74% to hit)
The bolt of light hits the skeletal warrior.
The skeletal warrior hits you but does no damage.
Aiming: Bolt of Light
Press: ? - help, Shift-Dir - straight line, f/p - skeletal warrior
Aim: a skeletal warrior, wielding a +3 trident (lightly damaged, 74% to hit)
The bolt of light misses the skeletal warrior.
The skeletal warrior hits you from afar with a +3 trident.
Aiming: Bolt of Light
Press: ? - help, Shift-Dir - straight line, f/p - skeletal warrior
Aim: a skeletal warrior, wielding a +3 trident (lightly damaged, 74% to hit)
The bolt of light hits the skeletal warrior but does no damage.
The skeletal warrior hits you from afar with a +3 trident!
Aiming: Bolt of Light
Press: ? - help, Shift-Dir - straight line, f/p - skeletal warrior
Aim: a skeletal warrior, wielding a +3 trident (lightly damaged, 74% to hit)
The bolt of light hits the skeletal warrior!
The skeletal warrior hits you from afar with a +3 trident!!
Aiming: Bolt of Light
Press: ? - help, Shift-Dir - straight line, f/p - skeletal warrior
Aim: a skeletal warrior, wielding a +3 trident (lightly damaged, 74% to hit)
The bolt of light hits the skeletal warrior!
The skeletal warrior hits you from afar with a +3 trident.
Aiming: Bolt of Light
Press: ? - help, Shift-Dir - straight line, f/p - skeletal warrior
Aim: a skeletal warrior, wielding a +3 trident (heavily damaged, 74% to hit)
The bolt of light hits the skeletal warrior but does no damage.
The skeletal warrior barely misses you.
The skeletal warrior hits you with a +3 trident.
You hit the skeletal warrior but do no damage.
The skeletal warrior hits you with a +3 trident!!
You hit the skeletal warrior.
The skeletal warrior convulses.
The skeletal warrior hits you with a +3 trident!!
You die...

#......# #......#
#......# ##### #..^...#
#...# ......#
#.#.##########...##
#.#...............# #.##
#.######..####....#######
#...
#.#.....@z...............
#..#
#.#...###.#.#####........
#..#
#.....#..##z##..#....#...
#..#
###.#.#.#..#..#.#..#.#...
#..#
#.....##..####.#...#.#...
#..###.#...##.#.#
#.##..#.#..#
#.<....#...#.#
#z###.#..#.#...
#.###..#...## #.#
##..#.##.# #.# #..###.#
## #..#.#


You could see a skeletal warrior.

Vanquished Creatures
  A wraith (D:7)
  Duvessa (D:6)
  Pargi (Sewer)
  A sky beast (D:6)
  2 phantoms
  A kobold brigand (Sewer)
  A brain worm (Sewer)
  A bullfrog (D:4)
  A gnoll sergeant (D:6)
  A scorpion (D:5)
  Dowan (D:6)
  An oklob sapling (D:5)
  3 electric eels (D:6)
  A bombardier beetle (D:5)
  A quasit (D:5)
  3 hounds
  A jelly (D:5)
  2 orc priests
  Ijyb (D:4)
  A sleepcap (D:5)
  An iguana (D:5)
  4 orc wizards
  12 gnolls
  A river rat (D:3)
  15 adders
  2 shadow imps
  3 white imps
  2 ufetubi (D:6)
  4 dart slugs
  2 ribbon worms
  16 orcs
  8 ball pythons
  3 endoplasms
  4 giant cockroaches
  6 goblins
  8 hobgoblins
  4 jackals (D:1)
  7 kobolds
  3 quokkas
  2 bats (D:1)
  A frilled lizard (D:1)
  5 rats
139 creatures vanquished.

Notes
Turn   | Place    | Note
-------+----------+-------------------------------------------
     0 | D:1      | Colgate the Hill Orc Gladiator began the quest for the Orb.
     0 | D:1      | Reached XP level 1. HP: 18/18 MP: 1/1
    96 | D:1      | Reached XP level 2. HP: 24/25 MP: 2/2
   466 | D:1      | Reached XP level 3. HP: 17/30 MP: 3/3
  1166 | D:2      | Reached XP level 4. HP: 36/37 MP: 4/4
  1694 | D:3      | Reached skill level 3 in Fighting
  1758 | D:3      | Reached XP level 5. HP: 21/46 MP: 5/5
  1784 | D:3      | Reached skill level 4 in Fighting
  1873 | D:3      | Found a glowing drain.
  1897 | Sewer    | Entered a sewer
  2035 | Sewer    | Reached skill level 5 in Fighting
  2248 | Sewer    | Reached skill level 1 in Armour
  2248 | Sewer    | Reached XP level 6. HP: 56/56 MP: 6/6
  2337 | Sewer    | Noticed Pargi
  2356 | Sewer    | Killed Pargi
  2891 | D:4      | Reached XP level 7. HP: 46/61 MP: 7/7
  3041 | D:4      | Noticed Ijyb
  3061 | D:4      | Killed Ijyb
  3278 | D:4      | Upgraded the game from 0.32-a0-135-g14f8b2e1af to
                  | 0.32-a0-141-g04fe69798e
  3301 | D:5      | Entered Level 5 of the Dungeon
  3339 | D:4      | Reached skill level 6 in Fighting
  3643 | D:5      | Found a staircase to the Ecumenical Temple.
  3848 | D:5      | Reached skill level 7 in Fighting
  3851 | Temple   | Entered the Ecumenical Temple
  3860 | Temple   | Became a worshipper of Warmaster Okawaru
  4096 | D:4      | Reached XP level 8. HP: 72/74 MP: 8/8
  4176 | D:5      | Reached skill level 8 in Fighting
  4381 | D:5      | Found a basalt altar of Yredelemnul.
  5350 | D:5      | Reached skill level 9 in Fighting
  5639 | D:6      | Reached * piety under Okawaru
  5737 | D:6      | Reached skill level 1 in Invocations
  6230 | D:6      | Reached skill level 5 in Armour
  6491 | D:6      | Found a sacrificial altar of Ru.
  6600 | D:6      | Found a hazy altar of Hepliaklqana.
  6749 | D:6      | Noticed Dowan
  6749 | D:6      | Noticed Duvessa
  6756 | D:6      | Killed Dowan
  6771 | D:6      | Killed Duvessa
  6772 | D:6      | Reached XP level 9. HP: 12/83 MP: 9/9
  7392 | D:7      | Identified the +0 helmet of the Game of Kings {Str+5}
  7478 | D:7      | Noticed a skeletal warrior
  7478 | D:7      | Found the +5 scythe "Finisher" {speed, execute}
  7496 | D:7      | Slain by a skeletal warrior

Illustrated notes

Levels and vault maps discovered:
D:1:      amcnicky_arrival_flooded_fountain, layout_rooms, minmay_octomino_j4
D:2:      layout_basic
D:3:      layout_rooms, portal_sewer_entry_b
D:4:      layout_rooms, uniq_ijyb
D:5:      layout_basic, mainiacjoe_overflow_alcove_1, minmay_temple_entry_oklob,
          serial_demonic, serial_demonic_a, serial_demonic_b, serial_demonic_a,
          serial_demonic_d, kennysheep_generic_room_3
D:6:      layout_basic, nicolae_overflow_squiral, serial_bayou,
          serial_bayou_lagoon_a, serial_bayou_shore_b, serial_bayou_pond_a,
          serial_bayou_lagoon_b, uniq_duvessa
D:7:      layout_basic, chequers_ossuary_entry_cave, minmay_misc_feat_ornament,
          minmay_guarded_unrand_finisher
Temple:   compressed_dpeg_triangle_lava_temple

Skill      XL: |  1  2  3  4  5  6  7  8 |
---------------+-------------------------+-----
Throwing       | 2 3 4 |  4.0
Fighting       | 3 5 7 9 |  9.7
Armour         | 1 3 7 |  7.1
Evocations     | 2 3 |  3.3
Invocations    | 1 |  1.1
Maces & Flails | |  3.2
Dodging        | |  2.4

Action                     |  1- 3 |  4- 6 |  7- 9 || total
---------------------------+-------+-------+-------++-------
  Melee: Flail             |   104 |   141 |   140 ||   385
         Punch             |     2 |    10 |     6 ||    18
         Halberd           |       |       |   129 ||   129
         Mace              |       |       |    26 ||    26
  Throw: Dart              |       |     9 |    28 ||    37
         Javelin           |       |     1 |       ||     1
         Boomerang         |       |       |    11 ||    11
 Invoke: Heroism           |       |       |     2 ||     2
  Evoke: Wand              |       |       |     8 ||     8
    Use: Scroll            |       |     2 |     5 ||     7
   Stab: Invisible         |       |       |     2 ||     2
 Armour: Leather armour    |    75 |    41 |       ||   116
         Scale mail        |       |    66 |   138 ||   204
         Ring mail         |       |       |    94 ||    94
  Dodge: Dodged            |   110 |    76 |   188 ||   374

Table legend: (Time is in decaauts)
 A = Elapsed time spent in this place.
 B = Non-inter-level travel time spent in this place.
 C = Inter-level travel time spent in this place.
 D = Time resting spent in this place.
 E = Time spent auto-exploring this place.
 F = Levels seen in this place.
 G = Mean time per level.
                   A        B        C        D        E       F      G
               +--------+--------+--------+--------+--------+-----+--------+
         Total |   7656 |   7243 |    413 |   1074 |   4146 |   9 |  850.7 |
       Dungeon |   7088 |   6692 |    396 |   1074 |   3714 |   7 | 1012.6 |
        Temple |     18 |      1 |     17 |      0 |      0 |   1 |   18.0 |
         Sewer |    549 |    549 |      0 |      0 |    432 |   1 |  549.0 |
               +--------+--------+--------+--------+--------+-----+--------+

Top non-repeatable levels by time:
     D:6: 1883 daAuts
     D:5: 1811 daAuts
     D:4: 995 daAuts
     D:2: 903 daAuts
     D:1: 749 daAuts
     D:3: 634 daAuts
   Sewer: 549 daAuts
     D:7: 110 daAuts
  Temple: 18 daAuts
